 Dungeon Crawl Stone Soup version 0.29.0-4-gdea44cf6ec (webtiles) character file.

Game seed: 4329629428940605757

19 qw the Sneak (level 2, 0/19 HPs)
             Began as a Gargoyle Delver on Sept 10, 2022.
             Slain by a quokka (4 damage)
             ... on level 1 of the Dungeon.
             The game lasted 00:00:25 (1117 turns).

qw the Sneak (Gargoyle Delver)                      Turns: 1117, Time: 00:00:26

Health: 0/19       AC:  5    Str: 15    XL:     2   Next: 75%
Magic:  2/2        EV: 11    Int: 10    God:
Gold:   49         SH:  0    Dex: 11    Spells: 1/1 levels left

rFire   . . .      SeeInvis .   Y - +0 hand axe
rCold   . . .      Faith    .   (no shield)
rNeg    + . .      Spirit   .   b - +0 leather armour
rPois   inf        Reflect  .   (no helmet)
rElec   +          Harm     .   (no cloak)
rCorr   .          Rampage  .   (no gloves)
Will    .....                   (no boots)
Stlth   +++.......              (no amulet)
HPRegen 0.06/turn               (no ring)
MPRegen 0.08/turn               (no ring)

@: no status effects
A: sickness immunity, AC +2, negative energy resistance 1, electricity
resistance, torment resistance 1, petrification resistance
a: no special abilities


You were on level 1 of the Dungeon.
You visited 1 branch of the dungeon, and saw 5 of its levels.

You collected 49 gold pieces.


Innate Abilities, Weirdness & Mutations

You are immune to sickness and miasma.
Your stone body is resilient. (AC +2)
You are immune to poison.
You resist negative energy. (rN+)
You are resistant to electric shocks. (rElec)
You are resistant to unholy torment.
You are immune to petrification.


   Skills:
 - Level 3.2 Fighting
 + Level 2.9 Axes
 - Level 1.5 Dodging
 - Level 5.4 Stealth


You had one spell level left.
You didn't know any spells.
Your spell library was empty.

Inventory:

Hand Weapons
 d - a +0 whip
 Y - a +0 hand axe (weapon)
Armour
 b - a +0 leather armour (worn)
 i - a +0 ring mail
 k - a +0 scale mail
 l - a scarf of repulsion
Jewellery
 e - a ring of protection from fire
 m - a ring of positive energy
Wands
 g - a wand of digging (3)
Scrolls
 a - 2 scrolls of identify
 h - a scroll of silence {unknown}
Potions
 c - 4 potions of curing
 f - a potion of haste
 j - a potion of lignification {unknown}

Dungeon Overview and Level Annotations

Branches:
Dungeon (5/15)
 Temple: D:4-7

Altars:

Annotations:
D:4 Robin


Message History

The quokka closely misses you.
The ball python bites you but does no damage.
The ball python constricts you. The quokka bites you.
You barely miss the ball python. You hit the quokka. The ball python bites you.
The ball python constricts you. The quokka closely misses you.
The ball python closely misses you. The ball python constricts you.
You barely miss the ball python. You closely miss the quokka.
The quokka bites you but does no damage.
The ball python bites you but does no damage.
The ball python constricts you.
The quokka bites you but does no damage.
You closely miss the ball python. You closely miss the quokka.
The ball python barely misses you. The ball python constricts you.
The quokka barely misses you.
You closely miss the ball python. You hit the quokka but do no damage.
The ball python bites you. The ball python constricts you.
The quokka bites you but does no damage.
The ball python bites you but does no damage.
The ball python constricts you.
You hit the ball python.
The ball python is moderately wounded.
You completely miss the quokka. The quokka barely misses you.
The ball python closely misses you. The ball python constricts you.
You hit the ball python.
You kill the ball python!
You hit the quokka but do no damage.
The quokka bites you but does no damage.
The quokka bites you.
You hit the quokka.
The quokka is severely wounded.
The quokka barely misses you.
You hit the quokka but do no damage.
The quokka is severely wounded.
The quokka bites you but does no damage.
You closely miss the quokka.
The quokka is severely wounded.
The quokka bites you.
You die...

###.# ....# #. #.#
#.# ###... ... #.#
###.# .#. ##.# #.#
..... ... ... #.#
###.# #.##.. #.#
###.# #....## #.#
#...#
..####...#####.##
#.#
........r........#
#.# ..
#####.@.######.#
#.####... ##.##
#.# ......... #.#
#.# #........ #.#
#.# #..###### ..#
#.# #..# ### #.#
...# #.# #.#######
#.# #........ #.#


You could see a quokka.

Vanquished Creatures
  A goblin (D:2)
  A hobgoblin (D:1)
  4 jackals
  A quokka (D:1)
  3 ball pythons (D:1)
  2 bats
  A frilled lizard (D:1)
  2 kobolds (D:1)
  4 rats
19 creatures vanquished.

Notes
Turn   | Place    | Note
-------+----------+-------------------------------------------
     0 | D:5      | qw the Gargoyle Delver began the quest for the Orb.
     0 | D:5      | Reached XP level 1. HP: 14/14 MP: 1/1
     0 | D:5      | 0 ||| qw: Version: 0.1-a-117-gfe26ee0
     0 | D:5      | 0 ||| qw: Game counter: 9559
     0 | D:5      | 0 ||| qw: Always use a shield: true
     0 | D:5      | 0 ||| qw: God list: Okawaru
     0 | D:5      | 0 ||| qw: Allow faded altars: false
     0 | D:5      | 0 ||| qw: Do Orc after D:15 true
     0 | D:5      | 0 ||| qw: Do second Lair branch before Depths: true
     0 | D:5      | 0 ||| qw: Lair rune preference: random
     0 | D:5      | 0 ||| qw: Plans: Normal
     0 | D:5      | 0 ||| PLANNING D:1-11
     2 | D:5      | 2 ||| DROPPING scroll of fog.
     3 | D:5      | 3 ||| DROPPING scroll of magic mapping.
     4 | D:5      | 4 ||| DROPPING scroll of fear.
    18 | D:4      | Noticed Robin
    19 | D:4      | 19 ||| STAIRDANCE
   300 | D:3      | 300 ||| READING 3 scrolls labelled ARALYE XYQYWU.
   301 | D:3      | 301 ||| READING 2 scrolls of identify.
   301 | D:3      | 301 ||| IDENTIFYING clear potion
   359 | D:2      | Reached XP level 2. HP: 14/19 MP: 2/2
  1114 | D:1      | HP: 4/19 [quokka (2)]
  1117 | D:1      | Slain by a quokka

Levels and vault maps discovered:
D:1:      dpeg_arrival_arbitrary_b, layout_loops_ring,
          minmay_misc_feat_nine_boxes, minmay_surrounded
D:2:      layout_rooms
D:3:      layout_basic, good_gods_temple_1, mainiacjoe_overflow_alcove_1,
          kennysheep_generic_room_2
D:4:      layout_basic, minivault_23, nicolae_shop_clearance, uniq_robin
D:5:      layout_layer_cave

Skill      XL: |  1 |
---------------+----+-----
Axes           | 2 |  2.9
Fighting       | |  3.2
Dodging        | |  1.5
Stealth        | |  5.4

Action                   || total
-------------------------++-------
Melee: Hand axe          ||    89
       Punch             ||     2
  Use: Scroll            ||     2
 Stab: Sleeping          ||     2
Armor: Leather armour    ||    39
Dodge: Dodged            ||    60

Table legend:
 A = Non-vault XP
 B = Vault XP
 C = Vault XP percentage of total XP
 D = Non-vault monster count
 E = Vault monster count
 F = Vault count percentage of total count
                 A         B        C        D         E       F
            +---------+---------+-------+---------+---------+-------
      Total |      23 |       5 |  17.9 |      16 |       3 |  15.8
            +---------+---------+-------+---------+---------+-------
        D:1 |      10 |       5 |  33.3 |       8 |       3 |  27.3
        D:2 |       6 |       0 |   0.0 |       4 |       0 |   0.0
        D:3 |       7 |       0 |   0.0 |       4 |       0 |   0.0
            +---------+---------+-------+---------+---------+-------
